Map: Odyssey LE

Players

Yata - Winner!

  • Race: Zerg Zerg
  • League: Silver
  • Spawn Location: 11:00

A.I. 1 (Medium)

  • Race: Protoss Protoss
  • Spawn Location: 5:00

VOD

Have the link to the VOD?

Description

Time

  • Played on: Aug. 4, 2017, 1:17 p.m.
  • Length: 8:48
Show
View Real Time Build Order
Export as new Build Order

Yata Zerg - Winner!

Build Orders: Hatch First 

Get SALT Encoding   

  12  0:01  Drone  
  13  0:13  Overlord  
  13  0:17  Drone  
  14  0:32  Drone  
  14  0:33  Drone  
  16  0:37  Drone  
  17  0:57  Hatchery  
  17  0:58  Drone  
  17  1:07  Drone  
  18  1:15  Extractor  
  17  1:21  Spawning Pool  
  16  1:26  Drone x2  
  16  1:29  Drone  
  19  1:40  Overlord  
  19  1:57  Drone  
  20  2:16  Drone x3  
  20  2:18  Queen  
  20  2:21  Queen  
  27  2:24  Metabolic Boost  
  27  2:28  Zergling x4  
  29  2:35  Drone x2  
  31  2:56  Drone  
  31  2:57  Drone x3  
  35  3:07  Drone  
  34  3:43  Overlord  
  34  3:44  Overlord x2  
  34  4:02  Hatchery  
  33  4:17  Zergling x2  
  33  4:18  Zergling x26  
  47  4:38  Zergling x2  
  48  4:39  Zergling x4  
  45  5:28  Drone x2  
  47  5:34  Drone  
  47  5:35  Drone x8  
  54  5:49  Drone x6  
  54  5:59  Zergling x6  
  55  6:24  Zergling x2, Drone  
  55  6:25  Zergling x14  
  60  6:47  Zergling x2  
  60  6:48  Zergling x8  
  64  7:07  Drone x2  
  66  7:09  Overlord x3  
  66  7:10  Overlord  
  66  7:14  Zergling x4  
  59  7:43  Zergling x2  
  59  7:44  Zergling x14  
  63  8:19  Zergling x2  
  64  8:20  Zergling x16  
  72  8:29  Zergling x10  
Show
View Real Time Build Order
Export as new Build Order

A.I. 1 (Medium) Protoss 

Build Orders: Double Forge 

Get SALT Encoding   

  12  0:01  Probe (Chrono Boost)  
  13  0:11  Probe (Chrono Boost)  
  14  0:20  Pylon  
  14  0:22  Probe (Chrono Boost)  
  15  0:38  Probe (Chrono Boost)  
  16  0:47  Assimilator  
  16  0:48  Probe (Chrono Boost)  
  17  0:50  Gateway  
  17  0:59  Probe (Chrono Boost)  
  17  1:00  Pylon  
  18  1:27  Gateway  
  18  1:36  Zealot  
  18  1:40  Cybernetics Core  
  20  1:58  Pylon  
  20  2:06  Probe (Chrono Boost)  
  21  2:09  Warp Gate  
  21  2:15  Assimilator  
  21  2:17  Adept, Probe (Chrono Boost)  
  24  2:24  Adept  
  24  2:29  Probe (Chrono Boost)  
  27  2:36  Forge  
  27  2:41  Probe (Chrono Boost)  
  27  2:43  Stalker  
  28  2:47  Pylon  
  28  2:49  Adept  
  32  2:53  Probe (Chrono Boost)  
  33  3:04  Probe (Chrono Boost)  
  34  4:11  Stalker, Probe (Chrono Boost)  
  34  4:15  Pylon  
  37  4:17  Robotics Facility  
  37  4:18  Photon Cannon  
  37  4:20  Photon Cannon  
  37  4:23  Probe (Chrono Boost)  
  37  4:24  Stalker  
  40  4:25  Stargate  
  40  4:35  Gateway  
  40  4:36  Sentry  
  42  4:44  Forge  
  42  4:49  Zealot, Twilight Council  
  44  5:03  Nexus  
  44  5:04  Observer  
  35  5:12  Adept  
  37  5:24  Observer  
  37  5:25  Zealot  
  40  5:38  Stalker  
  36  5:51  Adept  
  31  6:02  Nexus  
  31  6:04  Sentry  
  31  6:17  Zealot  
  30  6:30  Adept  
  32  6:42  Zealot  
  30  6:55  Stalker  
  32  7:04  Probe (Chrono Boost)  
  32  7:08  Zealot  
  32  7:15  Probe x2 (Chrono Boost)  
  31  7:22  Stalker  
  30  7:26  Probe (Chrono Boost)  
  30  7:29  Probe (Chrono Boost)  
  25  7:37  Probe (Chrono Boost)  
  25  7:41  Probe (Chrono Boost)  
  23  7:48  Probe (Chrono Boost)  
  22  7:54  Probe (Chrono Boost)  
  21  8:01  Probe (Chrono Boost)  
  18  8:10  Probe (Chrono Boost)  
  17  8:17  Probe (Chrono Boost)  
Tags
 
League
Silver
Matchup
PvZ
Replay Pack
Pack 1
Spawn Locations
Cross Positions
Add a new tag
Caveats
  • Supply blocks, unpowered buildings, or Contaminate may cause inaccurate times.
  • Supply counts are checked every 10 seconds.